 Dungeon Crawl Stone Soup version 0.19-a0-811-gf4045fb (webtiles) character file.

860 Rickard the Insei (level 7, -9/52 HPs)
             Began as a Demigod Transmuter on June 27, 2016.
             Killed by divine providence
             ... invoked by an orc priest
              (12 damage)
             ... on level 5 of the Dungeon.
             The game lasted 00:19:18 (5440 turns).

Rickard the Insei (Demigod Transmuter)              Turns: 5440, Time: 00:19:21

Health: -9/52      AC: 10    Str: 18    XL:     7   Next: 43%
Magic:  16/16      EV: 15    Int: 24    God:
Gold:   192        SH:  0    Dex: 18    Spells: 3 memorised, 8 levels left

rFire  . . .     SeeInvis .       - Unarmed
rCold  x . .     Gourm    .     b - +0 robe
rNeg   . . .     Faith    .     (no shield)
rPois  .         Spirit   .     C - +0 helmet
rElec  .         Dismiss  .     h - +0 cloak
rCorr  .         Reflect  .     M - +0 pair of gloves of the Flute {rC- Int+5 Slay+5}
SustAt +         Harm     .     s - +0 pair of boots
MR     .....                    (no amulet)
Stlth  +++.......               v - +4 ring of protection
                                e - ring of stealth

@: mighty, not resistant to hostile enchantments, fairly stealthy
A: high mp 1, sustain attributes
a: no special abilities


You were on level 5 of the Dungeon.
You were hungry.

You visited 1 branch of the dungeon, and saw 5 of its levels.

You collected 192 gold pieces.

Inventory:

Hand Weapons
 G - the cursed +1 long sword "Fyfiwuh" {vamp, +Inv +Fly Dex-4, unknown}
   (You found it on level 5 of the Dungeon)

   It inflicts no extra harm, but heals its wielder somewhat when it strikes a
   living foe.
   It affects your dexterity (-4).
   It lets you turn invisible.
   It lets you fly.
   It has a curse placed upon it.
Missiles
 a - 51 arrows
 q - 8 poisoned needles
Armour
 b - a +0 robe (worn)
 h - a +0 cloak (worn)
 s - a +0 pair of boots (worn)
 C - a +0 helmet (worn)
 M - the +0 pair of gloves of the Flute (worn) {rC- Int+5 Slay+5}
   (You found it on level 5 of the Dungeon)

   It affects your intelligence (+5).
   It affects your accuracy and damage with ranged weapons and melee attacks
   (+5).
   It makes you vulnerable to cold.
Jewellery
 e - a ring of stealth (left hand)
 v - a +4 ring of protection (right hand)
 w - a +5 ring of dexterity {unknown}
 L - a cursed ring of loudness {unknown}
Scrolls
 f - a scroll of fear {unknown}
 g - 2 scrolls of remove curse
 i - 2 scrolls of identify
 l - 3 scrolls of enchant weapon {unknown}
 m - 3 scrolls of amnesia
 n - 2 scrolls of fog
 r - a scroll of noise {unknown}
 u - a scroll of magic mapping
 y - a scroll of teleportation
 B - a scroll of recharging
 D - a scroll of random uselessness {unknown}
 F - a scroll of blinking {unknown}
 J - a scroll of immolation {unknown}
 K - a scroll of enchant armour {unknown}
Potions
 j - a potion of degeneration
 k - a potion of brilliance {unknown}
 o - a potion of agility {unknown}
 t - a potion of magic
 z - a potion of ambrosia {unknown}
 E - 2 potions of lignification
Books
 c - a book of Changes

   Spells                             Type                      Level
   a - Beastly Appendage              Transmutation                1
   b - Sticks to Snakes               Transmutation                2
   c - Spider Form                    Transmutation/Poison         3
   d - Ice Form                       Ice/Transmutation            4
   e - Blade Hands                    Transmutation                5
Comestibles
 d - 6 bread rations
 p - a royal jelly
 x - a beef jerky
 A - a meat ration
 I - a fruit


   Skills:
 + Level 1.0 Fighting
 - Level 4.1 Dodging
 - Level 5.0 Unarmed Combat
 - Level 4.0 Spellcasting
 - Level 4.0 Transmutations


You had 8 spell levels left.
You knew the following spells:

 Your Spells              Type           Power        Failure   Level  Hunger
a - Beastly Appendage     Tmut           ###...       1%          1    None
b - Sticks to Snakes      Tmut           ###.....     2%          2    #......
c - Spider Form           Tmut/Pois      ##........   14%         3    ##.....


Dungeon Overview and Level Annotations

Branches:
Dungeon (5/15)
 Temple: D:4-7


Innate Abilities, Weirdness & Mutations

You have an increased reservoir of magic. (+10% MP)
Your attributes are resistant to harm.


Message History

The orc priest is moderately wounded.
A sky beast appears from thin air!
Reactivating autopickup.
The orc priest hits you but does no damage.
The killer bee zombie hits you.
You punch the orc priest!
The orc priest is almost dead.
The killer bee zombie hits you but does no damage.
The sky beast flickers out of sight!
Deactivating autopickup; reactivate with Ctrl-A.
The orc priest invokes the aid of Beogh against you.
Beogh smites you!
* * * LOW HITPOINT WARNING * * *
You feel very mighty all of a sudden. The killer bee zombie hits you!
* * * LOW HITPOINT WARNING * * *
The killer bee zombie closely misses you.
The orc priest invokes the aid of Beogh against you.
Beogh smites you!
You die...

,,,,,,,,,,,,+,,,,,,,,,,,',,,,,,,,
,,,,,,,,,...**#....,,...*,**,,,,,
****,,,,,...#**...,,....*,**,,,,,
,,,,,...................*,**,,,,*
,*,,,.........#.........*,*.....#
,,,,,.........##'##.....*,#.....#
,,..#.................###+#....#*
*#.............Zo..............#*
##..........##..@..............##
.................................
......#**#....{.......###........
......# #........................
......###..ยง....#..###..(.(.((.).
........#..........# #...........
##......''.........###...........
##......##................#......
.Z...#####................#......


You could see an orc priest and a killer bee zombie.

Vanquished Creatures
  A water moccasin (D:5)
  A centaur (D:5)
  An ogre (D:5)
  A scorpion (D:4)
  A howler monkey (D:4)
  A crimson imp (D:5)
  A hound (D:5)
  2 orc priests (D:5)
  3 orc wizards
  Natasha (D:2)
  A worker ant (D:4)
  2 hound skeletons (D:4)
  A howler monkey zombie (D:3)
  4 gnolls (D:5)
  7 adders
  2 shadow imps (D:5)
  An ooze (D:2)
  An adder zombie (D:5)
  A worm (D:3)
  2 dart slugs
  2 giant geckos (D:1)
  13 orcs
  2 giant cockroaches (D:3)
  5 goblins
  5 hobgoblins
  4 jackals (D:1)
  2 bats
  5 giant newts
  7 kobolds
  10 rats
90 creatures vanquished.

Vanquished Creatures (collateral kills)
  Natasha (D:2)
  A worm (D:2)
2 creatures vanquished.

Grand Total: 92 creatures vanquished

Notes
Turn   | Place    | Note
--------------------------------------------------------------
     0 | D:1      | Rickard the Demigod Transmuter began the quest for the Orb.
     0 | D:1      | Reached XP level 1. HP: 15/15 MP: 5/5
    57 | D:1      | Reached skill level 3 in Unarmed Combat
   373 | D:1      | Reached XP level 2. HP: 16/22 MP: 7/7
   961 | D:1      | Learned a level 2 spell: Sticks to Snakes
  1308 | D:2      | Reached XP level 3. HP: 16/27 MP: 8/8
  1387 | D:2      | Reached skill level 4 in Unarmed Combat
  1750 | D:2      | Found an iron altar of Okawaru.
  1826 | D:2      | Noticed Natasha
  1840 | D:2      | Killed Natasha
  2225 | D:2      | Noticed Natasha
  2230 | D:2      | Killed Natasha
  2230 | D:2      | Reached XP level 4. HP: 34/34 MP: 1/9
  2369 | D:3      | Reached skill level 5 in Unarmed Combat
  2552 | D:3      | Learned a level 3 spell: Spider Form
  2921 | D:4      | Reached XP level 5. HP: 33/39 MP: 10/10
  3624 | D:4      | Reached XP level 6. HP: 22/46 MP: 12/12
  3858 | D:5      | Entered Level 5 of the Dungeon
  3867 | D:5      | Got a slimy long sword
  3943 | D:5      | Noticed a water moccasin
  4008 | D:5      | Killed a water moccasin
  4345 | D:5      | Reached XP level 7. HP: 30/51 MP: 16/16
  5296 | D:5      | Got a pair of translucent gloves
  5314 | D:5      | Identified the +0 pair of gloves of the Flute {rC- Int+5 Slay+5} (You found it on level 5 of the Dungeon)
  5360 | D:5      | Reached skill level 1 in Fighting
  5440 | D:5      | Killed from afar by an orc priest

Vault maps used:
D:1:      erik_arrival_triangle_small
D:2:      overflow_temple_1_default, st_stairs_8, minivault_25, uniq_natasha
D:5:      first_bread

Skill      XL: |  1  2  3  4  5  6  7 |
---------------+----------------------+-----
Unarmed Combat | 3 4 5 |  5.0
Transmutations | 2 4 |  4.0
Spellcasting   | 2 4 |  4.0
Dodging        | 2 4 |  4.1
Fighting       | 1 |  1.0

Action                   |  1- 3 |  4- 6 |  7- 9 || total
-------------------------+-------+-------+-------++-------
Melee: Unarmed           |   150 |   179 |   113 ||   442
       Kick              |     3 |       |       ||     3
       Punch             |     1 |     7 |     2 ||    10
       Headbutt          |     2 |     1 |       ||     3
 Cast: Beastly Appendage |     3 |     1 |       ||     4
       Sticks to Snakes  |     8 |     4 |       ||    12
       Spider Form       |       |     2 |     2 ||     4
  Use: Potion            |       |     4 |     2 ||     6
       Scroll            |       |       |     8 ||     8
 Stab: Sleeping          |     7 |     4 |       ||    11
       Distracted        |       |     1 |       ||     1
  Eat: Chunk             |     1 |     4 |     3 ||     8
       Meat ration       |     1 |       |       ||     1
       Beef jerky        |     1 |       |       ||     1
       Fruit             |       |       |     1 ||     1
Armor: Robe              |    28 |    46 |    33 ||   107
       Skin              |       |    24 |     2 ||    26
Dodge: Dodged            |    85 |   110 |    83 ||   278
